 Dungeon Crawl Stone Soup version 0.29-a0-91-gdebf4667c2 (webtiles) character file.

Game seed: 2513489306013929407

4367 enile the Fighter (level 10, -4/95 HPs)
             Began as a Ghoul Wanderer on Feb 9, 2022.
             Was an Initiate of Yredelemnul.
             Slain by a five-headed hydra (8 damage)
             ... on level 1 of the Lair of Beasts.
             The game lasted 00:23:28 (10118 turns).

enile the Fighter (Ghoul Wanderer)                 Turns: 10118, Time: 00:23:28

Health: -4/95      AC: 13    Str: 21    XL:     10   Next: 34%
Magic:  12/12      EV:  8    Int:  7    God:    Yredelemnul [......]
Gold:   143        SH:  0    Dex:  8    Spells: 8/9 levels left

rFire   + . .      SeeInvis +   D - +1 triple sword
rCold   + . .      Faith    .   (shield currently unavailable)
rNeg    + + +      Spirit   .   G - +0 chain mail
rPois   ∞          Reflect  .   f - +0 hat "Eptosch" {Harm Rampage rElec Will+ Stlth-}
rElec   +          Harm     +   (no cloak)
rCorr   .          Rampage  +   x - +2 pair of gloves
Will    +....                   (no boots)
Stlth   ..........              j - amulet of the acrobat
HPRegen 0.00/turn               q - ring of protection from fire
MPRegen 0.13/turn               u - ring of see invisible

@: inhibited regen
A: claws 1, cold resistance 1, negative energy resistance 3, inhibited
regeneration, torment resistance 2
a: Renounce Religion, Recall Undead Harvest


You were on level 1 of the Lair of Beasts.
You worshipped Yredelemnul.
Yredelemnul was noncommittal.
You visited 2 branches of the dungeon, and saw 11 of its levels.
You also visited: Ossuary.

You collected 351 gold pieces.
You spent 208 gold pieces at shops.

Inventory:

Hand Weapons
 a - a +3 shortbow
 i - a +0 dagger
 l - the +6 short sword "Soseyn" {speed, *Rage rC++ Int+4}
   (You found it on level 2 of the Dungeon)

   Attacks with this weapon are significantly faster.
   Int:       It affects your intelligence (+4).
   rC:        It greatly protects you from cold.
   *Rage:     It berserks you when you make melee attacks (+20% chance).
 A - a +1 trident of distortion
 D - a +1 triple sword (weapon)
 M - a +0 vorpal flail
 O - a +1 long sword of flaming
Missiles
 b - 93 arrows
 N - 3 poisoned darts
 Q - 2 boomerangs
Armour
 e - a +1 leather armour
 f - the +0 hat "Eptosch" (worn) {Harm Rampage rElec Will+ Stlth-}
   (You acquired it on level 4 of the Dungeon)

   rElec:     It insulates you from electricity.
   Harm:      It increases damage dealt and taken.
   Rampage:   It bestows one free step when moving towards enemies.
   Will:      It increases your willpower.
   Stlth:     It makes you less stealthy.
 x - a +2 pair of gloves (worn)
 G - a +0 chain mail (worn)
 L - a +0 plate armour
Jewellery
 j - an amulet of the acrobat (around neck)
 q - a ring of protection from fire (left hand)
 u - a ring of see invisible (right hand)
Wands
 y - a wand of flame (9)
 K - a wand of acid (7) (quivered)
 P - a wand of polymorph (6)
Scrolls
 c - a scroll of noise
 g - 3 scrolls of immolation
 k - 7 scrolls of teleportation
 n - 2 scrolls of fear
 r - 4 scrolls of holy word
 w - 3 scrolls of vulnerability
 E - a scroll of silence
 H - 3 scrolls of magic mapping
Potions
 h - 3 potions of might
 m - 2 potions of curing
 o - 2 potions of flight
 p - 2 potions of attraction {unknown}
 s - 2 potions of heal wounds
 t - 3 potions of degeneration {unknown}
 v - 3 potions of brilliance {unknown}
 z - a potion of mutation {unknown}
 B - 3 potions of invisibility {unknown}
 I - a potion of berserk rage {unknown}
 J - a potion of lignification {unknown}
Miscellaneous
 d - a piece from Xom's chessboard (3/15)


   Skills:
 - Level 11.0 Fighting
 - Level 2.0(3.1) Short Blades
 - Level 3.7(4.0) Long Blades
 - Level 2.7 Bows
 + Level 5.5 Armour
 - Level 2.0 Dodging
 - Level 4.0 Stealth
 - Level 1.1 Unarmed Combat
 - Level 1.4 Ice Magic
 - Level 5.0 Invocations
 - Level 5.0 Evocations


You had 8 spell levels left.
You knew the following spells:

 Your Spells              Type           Power      Damage    Failure   Level
a - Freeze                Ice            4%         1d3       92%         1

Your spell library contained the following spells:

 Spells                   Type           Power      Damage    Failure   Level
 Animate Skeleton         Necr           0%         N/A       98%         1
 Pain                     Necr           0%         1d4       98%         1
 Frozen Ramparts          Ice            2%         1d2       100%        3
 Vampiric Draining        Necr           0%         2d6       100%        3
 Animate Armour           Summ/Erth      0%         N/A       100%        4
 Hailstorm                Conj/Ice       0%         3d3       100%        4
 Fireball                 Conj/Fire      0%         3d3       100%        5
 Iskenderun's Battlesphe  Conj           0%         2d6       100%        5
 Conjure Ball Lightning   Conj/Air       0%         3x3d6     100%        6
 Iron Shot                Conj/Erth      0%         9d1       100%        6
 Orb of Destruction       Conj           0%         9d5       100%        7
 Blade Hands              Tmut           Unusable   N/A       N/A         5

Dungeon Overview and Level Annotations

Branches:
Dungeon (10/15)            Temple (0/1) D:6            Lair (1/6) D:9
Ossuary (visited)
    Orc: D:9-12

Altars:
Cheibriados
Dithmenos
Nemelex Xobeh
Okawaru
Wu Jian
Yredelemnul
Zin

Shops:
D:4 *   D:9 *


Innate Abilities, Weirdness & Mutations

You thrive by killing the living.
You are immune to poison.
You have sharp fingernails.
Your flesh is cold resistant. (rC+)
You are immune to negative energy. (rN+++)
You do not regenerate when monsters are visible.
You are immune to unholy pain and torment.


Message History

* * * LOW HITPOINT WARNING * * *
The five-headed hydra bites you.
* * * LOW HITPOINT WARNING * * *
The five-headed hydra bites you!
* * * LOW HITPOINT WARNING * * *
The five-headed hydra closely misses you.
The five-headed hydra bites you but does no damage.
Your wolf zombie bites the five-headed hydra!
The five-headed hydra bites your wolf zombie. x2
The five-headed hydra completely misses your wolf zombie.
The five-headed hydra bites your wolf zombie!
Your wolf zombie is destroyed!
Aiming: Mindburst
Press: ? - help, Q - select action, (/) - cycle Shift-Dir - straight line, f/p - five-headed hydra
Aim: a five-headed hydra (almost dead, unaware, hasn't noticed you, chance to affect: 50%)
The five-headed hydra resists with some effort.
The now-empty wand crumbles to dust.
Blink to where?
Press: ? - help, Dir - move target, p - five-headed hydra
As you read the scroll of blinking, it crumbles to dust.
Aiming: Throw Flame
Press: ? - help, Q - select action, (/) - cycle Shift-Dir - straight line, f - five-headed hydra
Aim: a five-headed hydra (almost dead, 91% to hit)
The puff of flame hits the five-headed hydra.
The five-headed hydra is almost dead.
Aiming: Throw Flame
Press: ? - help, Q - select action, (/) - cycle Shift-Dir - straight line, f/p - five-headed hydra
Aim: a five-headed hydra (almost dead, 91% to hit)
The puff of flame hits the five-headed hydra.
The five-headed hydra is almost dead.
Aiming: Corrosive Bolt
Press: ? - help, Q - select action, (/) - cycle Shift-Dir - straight line, f/p - five-headed hydra
Aim: a five-headed hydra (almost dead, 91% to hit)
The bolt of acid misses the five-headed hydra.
The five-headed hydra bites you but does no damage.
The five-headed hydra bites you.
* * * LOW HITPOINT WARNING * * *
The five-headed hydra bites you!
You die...
Yredelemnul claims you as an undead slave.

.. #....# ..#....#
.. .#....## ...
.....P ##.##....#
..........####+####.
....................
...........D@.......
.........<..........
....................
....................
....................
#####...(..........
#...########..#
#...... ...
##...#...


You could see a five-headed hydra.

Vanquished Creatures
  A cane toad (D:9)
  4 yaks
  A steam dragon (D:8)
  3 water moccasins
  Duvessa (D:5)
  A sky beast (D:7)
  2 necrophages
  2 wolves
  A phantom (D:4)
  A wyvern zombie (D:7)
  2 elf zombies (Ossuary)
  2 water moccasin skeletons (D:6)
  Dowan (D:5)
  2 howler monkeys
  5 centaur zombies (Ossuary)
  A bullfrog skeleton (D:5)
  5 orc priests
  3 hounds
  A jelly (D:4)
  5 human zombies (Ossuary)
  2 centaur skeletons (D:7)
  An iguana (D:2)
  Ijyb (D:5)
  10 orc wizards
  A hound skeleton (D:5)
  3 mummies (Ossuary)
  A howler monkey zombie (D:8)
  5 adders
  A white imp (D:8)
  4 worms
  A dart slug (D:3)
  24 orcs
  8 ball pythons
  8 endoplasms
  4 giant cockroaches
  4 goblins
  8 hobgoblins
  4 jackals (D:1)
  4 quokkas (D:1)
  2 bats (D:2)
  2 frilled lizards (D:2)
  7 kobolds
  6 rats
155 creatures vanquished.

Vanquished Creatures (collateral kills)
  2 yaks
  3 water moccasins
  A wolf (D:9)
  Blork the orc (D:4)
  A howler monkey (D:7)
  A bullfrog zombie (D:4)
  3 orcs
  An endoplasm (D:1)
  A kobold (D:2)
  2 rats
16 creatures vanquished.

Vanquished Creatures (others)
  A water moccasin zombie (D:6)
  A yak zombie (D:6)
  3 wolf zombies
  A hound zombie (D:6)
  A spectral jelly (D:4)
  2 adder zombies
  A ball python zombie (D:2)
  A giant cockroach zombie (D:4)
  2 goblin zombies
  A kobold zombie (D:2)
  13 orc zombies
  A spectral endoplasm (D:4)
  4 fungi (D:9)
  7 plants (D:9)
39 creatures vanquished.

Grand Total: 210 creatures vanquished

Notes
Turn   | Place    | Note
-------+----------+-------------------------------------------
     0 | D:1      | enile the Ghoul Wanderer began the quest for the Orb.
     0 | D:1      | enile set off with the following items: a +2 shortbow, 27
                  | arrows, a scroll of fog, a piece from Xom's chessboard
                  | (15/15), a +0 leather armour
     0 | D:1      | Reached XP level 1. HP: 17/17 MP: 0/0
    70 | D:1      | Reached XP level 2. HP: 23/25 MP: 1/1
   115 | D:1      | Reached skill level 3 in Fighting
   232 | D:1      | Reached skill level 1 in Stealth
   336 | D:1      | Learned a level 1 spell: Freeze
   341 | D:1      | Found a faded altar of an unknown god.
   351 | D:1      | Prayed at the altar of an unknown god.
   351 | D:1      | Became a worshipper of Yredelemnul the Dark
   351 | D:1      | Reached * piety under Yredelemnul
   376 | D:1      | Reached XP level 3. HP: 31/31 MP: 2/2
   817 | D:1      | Reached skill level 1 in Ice Magic
  1013 | D:2      | Identified the +6 short sword "Soseyn" {speed, *Rage rC++
                  | Int+4}
  1025 | D:2      | Reached XP level 4. HP: 40/40 MP: 3/3
  1108 | D:2      | Reached ** piety under Yredelemnul
  1134 | D:2      | Reached skill level 4 in Fighting
  2270 | D:4      | Reached XP level 5. HP: 44/47 MP: 4/4
  2326 | D:4      | Found a snail-covered altar of Cheibriados.
  2567 | D:4      | Reached skill level 5 in Fighting
  2567 | D:4      | Reached skill level 1 in Short Blades
  2801 | D:4      | Found Diffuat's Assorted Antiques.
  2804 | D:4      | Noticed Blork the orc
  2864 | D:4      | Killed Blork the orc
  2865 | D:4      | Reached XP level 6. HP: 21/57 MP: 5/5
  3089 | D:4      | Bought a scroll labelled COFATE UFATEO for 28 gold pieces
  3089 | D:4      | Bought a scroll labelled XUT ZIOHUAHA for 28 gold pieces
  3089 | D:4      | Bought a scroll of identify for 56 gold pieces
  3090 | D:4      | Acquired the +0 hat "Eptosch" {Harm Rampage rElec Will+
                  | Stlth-}
  3177 | D:4      | Reached skill level 6 in Fighting
  3496 | D:5      | Entered Level 5 of the Dungeon
  3531 | D:5      | Noticed Ijyb
  3540 | D:5      | Killed Ijyb
  3681 | D:5      | Noticed a necrophage
  3685 | D:5      | Killed a necrophage
  3686 | D:5      | Reached skill level 7 in Fighting
  3686 | D:5      | Reached XP level 7. HP: 66/66 MP: 6/6
  3904 | D:5      | Reached skill level 8 in Fighting
  4196 | D:5      | Found a sparkling altar of Nemelex Xobeh.
  4204 | D:5      | Noticed Dowan
  4204 | D:5      | Noticed Duvessa
  4223 | D:5      | Your ally Ijyb died
  4231 | D:5      | Killed Duvessa
  4232 | D:5      | Reached skill level 1 in Dodging
  4232 | D:5      | Reached XP level 8. HP: 41/74 MP: 7/7
  4242 | D:5      | Killed Dowan
  4505 | D:5      | Found an iron altar of Okawaru.
  4510 | D:5      | Found a shadowy altar of Dithmenos.
  4818 | D:6      | Found a staircase to the Ecumenical Temple.
  5049 | D:6      | Noticed a yak
  5049 | D:6      | Noticed a yak
  5049 | D:6      | Noticed a yak
  5064 | D:6      | Killed a yak
  5065 | D:6      | Reached skill level 9 in Fighting
  5074 | D:6      | Killed a yak
  5080 | D:6      | Killed a yak
  5081 | D:6      | Reached skill level 5 in Evocations
  5081 | D:6      | Reached XP level 9. HP: 43/83 MP: 11/11
  5649 | D:7      | Reached skill level 10 in Fighting
  5978 | D:7      | Reached skill level 5 in Invocations
  6020 | D:7      | Reached skill level 1 in Long Blades
  6027 | D:7      | Reached *** piety under Yredelemnul
  6188 | D:7      | Reached **** piety under Yredelemnul
  6506 | D:8      | Found a sand-covered staircase.
  6512 | Ossuary  | Entered an ossuary
  6721 | Ossuary  | Reached skill level 5 in Armour
  6837 | Ossuary  | Reached XP level 10. HP: 86/93 MP: 12/12
  7768 | D:8      | Found an ornate altar of the Wu Jian Council.
  8155 | D:9      | Found Kiamutov's Changing Room.
  8181 | D:9      | Bought a wand of polymorph (6) for 96 gold pieces
  8194 | D:9      | Found a staircase to the Lair.
  8229 | D:9      | Noticed a skeletal warrior
  8230 | D:9      | Noticed a skeletal warrior
  8230 | D:9      | Noticed a skeletal warrior
  8290 | Lair:1   | Entered Level 1 of the Lair of Beasts
  8290 | Lair:1   | Noticed a cane toad
  8295 | D:9      | Killed a cane toad
  8296 | D:9      | Reached skill level 11 in Fighting
  9087 | D:10     | Entered Level 10 of the Dungeon
  9453 | D:10     | Noticed a cyclops
 10099 | Lair:1   | Noticed a five-headed hydra
 10118 | Lair:1   | HP: 4/95 [five-headed hydra (2)]
 10118 | Lair:1   | Slain by a five-headed hydra

Illustrated notes

Levels and vault maps discovered:
D:1:      matt_arrival_spirals, layout_loops_ring,
          hellmonk_ecumenical_altar_crossroads, st_stairs_7
D:2:      layout_basic
D:3:      layout_loops_ring
D:4:      layout_loops_ring, slow_altar_1, serial_shops,
          nicolae_shop_overgrown_old_shop, uniq_blork_the_orc
D:5:      layout_basic, kennysheep_mini_moat, grunt_temple_overflow_diamond,
          solitary_fountain, minmay_misc_feat_alley, hangedman_decor_points,
          uniq_ijyb, uniq_duvessa
D:6:      layout_cave_pools, minmay_temple_entry_mini_moons
D:7:      layout_gridville, kennysheep_nub
D:8:      layout_loops_corners, kennysheep_mini, enter_ossuary_1
D:9:      layout_loops_ring, dpeg_oklobed_lair, nicolae_wooded_promenade,
          nicolae_transmutations_shop, amcnicky_mini_pool_medium
D:10:     layout_loops_corners, erik_orc_4, ebering_ghost_disaster_area,
          kennysheep_generic_room_9
Lair:1:   layout_regular_city, infiniplex_staircase_pool_2

Skill      XL: |  1  2  3  4  5  6  7  8  9 10 |
---------------+-------------------------------+-----
Fighting       | 3 4 5 7 8 9 10 11 | 11.0
Stealth        | 2 4 |  4.0
Ice Magic      | 1 |  1.4
Short Blades   | 2 |  2.0
Dodging        | 1 2 |  2.0
Evocations     | 5 |  5.0
Invocations    | 4 5 |  5.0
Armour         | 2 5 |  5.5
Long Blades    | 2 3 |  3.7
Bows           | |  2.7
Unarmed Combat | |  1.1

Action                   |  1- 3 |  4- 6 |  7- 9 | 10-12 || total
-------------------------+-------+-------+-------+-------++-------
Melee: Short sword       |     1 |   120 |   176 |       ||   297
       Punch             |       |     3 |     3 |       ||     6
       Triple sword      |       |       |    88 |    96 ||   184
 Fire: Shortbow          |    70 |       |       |       ||    70
Evoke: Piece from Xom's  |       |     1 |    16 |     2 ||    19
       Wand              |       |       |     2 |    18 ||    20
  Use: Scroll            |       |    12 |     4 |     6 ||    22
       Potion            |       |     1 |       |     1 ||     2
 Stab: Sleeping          |       |     4 |     1 |       ||     5
       Distracted        |       |       |     1 |       ||     1
       Petrified         |       |       |     3 |       ||     3
Armor: Leather armour    |     2 |    15 |    42 |       ||    59
       Chain mail        |       |       |    96 |    52 ||   148
       Plate armour      |       |       |       |    68 ||    68
Dodge: Dodged            |    11 |    35 |   107 |    70 ||   223

Table legend: (Time is in decaauts)
 A = Elapsed time spent in this place.
 B = Non-inter-level travel time spent in this place.
 C = Inter-level travel time spent in this place.
 D = Time resting spent in this place.
 E = Time spent auto-exploring this place.
 F = Levels seen in this place.
 G = Mean time per level.
                   A        B        C        D        E       F      G
               +--------+--------+--------+--------+--------+-----+--------+
         Total |  10158 |   9676 |    482 |    957 |   7139 |  12 |  846.5 |
       Dungeon |   9649 |   9167 |    482 |    957 |   6815 |  10 |  964.9 |
          Lair |     27 |     27 |      0 |      0 |      0 |   1 |   27.0 |
       Ossuary |    481 |    481 |      0 |      0 |    324 |   1 |  481.0 |
               +--------+--------+--------+--------+--------+-----+--------+

Top non-repeatable levels by time:
     D:8: 2012 daAuts
     D:4: 1211 daAuts
     D:5: 1133 daAuts
     D:7: 955 daAuts
     D:6: 870 daAuts
     D:1: 869 daAuts
     D:9: 804 daAuts
     D:3: 733 daAuts
     D:2: 661 daAuts
 Ossuary: 481 daAuts
    D:10: 397 daAuts
  Lair:1: 27 daAuts
